 Dungeon Crawl Stone Soup version 0.23.2-40-g277498a001 (webtiles) character file.

Game seed: 16973775619740810018

1138 Descartes the Insei (level 8, 0/39 HPs)
             Began as a Vine Stalker Transmuter on Aug 24, 2019.
             Was a Believer of Dithmenos.
             Slain by a sky beast (1 damage)
             ... on level 5 of the Dungeon.
             The game lasted 00:11:37 (4051 turns).

Descartes the Insei (Vine Stalker Transmuter)       Turns: 4051, Time: 00:11:38

Health: 0/39       AC:  9    Str: 14    XL:     8   Next: 37%
Magic:  0/13       EV: 13    Int: 13    God:    Dithmenos [**....]
Gold:   193        SH:  0    Dex: 16    Spells: 11/14 levels left

rFire    + . .     SeeInvis .   t - +0 short sword (venom)
rCold    + + .     Gourm    .   (no shield)
rNeg     . . .     Faith    .   P - +0 leather armour
rPois    .         Spirit   +   N - +1 helmet
rElec    .         Reflect  .   (no cloak)
rCorr    .         Harm     .   v - +1 pair of gloves
MR       +....     Clarity  +   p - +1 pair of boots
Stlth    +++.......             (no amulet)
HPRegen  0.53/turn              k - ring of protection from cold
MPRegen  0.13/turn              E - ring of protection from fire

@: wreathed by umbra
A: claws 1, fangs 3, clarity, cold resistance 1, low mp 1, regeneration 1, magic
shield, antimagic bite, no potion heal 3, rot immunity
a: Shadow Step, Renounce Religion


You were on level 5 of the Dungeon.
You worshipped Dithmenos.
Dithmenos was pleased with you.
You were not hungry.

You visited 2 branches of the dungeon, and saw 6 of its levels.
You also visited: Ossuary.

You collected 193 gold pieces.

Inventory:

Hand Weapons
 b - a +0 long sword
 g - a +0 short sword
 t - a +0 short sword of venom (weapon)
 z - a +0 rapier
Missiles
 a - 35 arrows
 c - 83 stones (quivered)
 h - 15 tomahawks
 j - 42 poisoned needles
Armour
 p - a +1 pair of boots (worn)
 u - a +0 buckler
 v - a +1 pair of gloves (worn)
 N - a +1 helmet (worn)
 P - a +0 leather armour (worn)
Jewellery
 k - a ring of protection from cold (left hand)
 E - a ring of protection from fire (right hand)
Wands
 D - a wand of acid (14)
 O - a wand of paralysis (10)
Scrolls
 e - a scroll of magic mapping {unknown}
 m - a scroll of enchant armour {unknown}
 n - 4 scrolls of remove curse {unknown}
 o - 2 scrolls of fear {unknown}
 r - 3 scrolls of enchant weapon {unknown}
 s - 2 scrolls of noise {unknown}
 y - a scroll of amnesia {unknown}
 A - 4 scrolls of immolation {unknown}
 I - a scroll of teleportation {unknown}
 K - 2 scrolls of random uselessness {unknown}
 L - a scroll of blinking {unknown}
Potions
 f - 8 potions of degeneration
 i - 4 potions of cancellation
 l - a potion of magic {unknown}
 q - 6 potions of curing
 x - a potion of brilliance
 B - a potion of berserk rage {unknown}
 C - 3 potions of heal wounds
 F - a potion of resistance
 H - 3 potions of flight
 J - 4 potions of lignification
Comestibles
 d - 10 rations
 M - 19 chunks of flesh


   Skills:
 + Level 2.7 Fighting
 + Level 2.2(2.3) Short Blades
 + Level 0.7(1.6) Long Blades
 + Level 2.2 Armour
 + Level 2.8 Dodging
 + Level 3.6 Stealth
 + Level 2.0 Shields
 * Level 5.2 Unarmed Combat
 + Level 3.5 Spellcasting
 + Level 3.5 Transmutations
 + Level 1.0 Invocations
 + Level 0.7 Evocations


You had 11 spell levels left.
You knew the following spells:

 Your Spells              Type           Power        Failure   Level  Hunger
a - Beastly Appendage     Tmut           ##....       6%          1    #......
b - Sticks to Snakes      Tmut           ##......     10%         2    ##.....

Your spell library contained the following spells:

 Spells                   Type           Power        Failure   Level  Hunger
 Spider Form              Tmut/Pois      #.........   36%         3    ###....
 Ice Form                 Ice/Tmut       #.......     77%         4    #####..
 Blade Hands              Tmut           ##........   86%         5    ######.


Dungeon Overview and Level Annotations

Branches:
Dungeon (5/15)             Temple (1/1) D:4

Altars:
Ashenzari
Cheibriados
Dithmenos
Elyvilon
Fedhas
Gozag
Kikubaaqudgha
Makhleb
Okawaru
Qazlal
Ru
Sif Muna
Trog
Uskayaw
Vehumet
Wu Jian
Xom
Yredelemnul


Innate Abilities, Weirdness & Mutations

You have razor-sharp teeth.
Your natural rate of healing is unusually fast.
When hurt, damage is shared between your health and your magic reserves.
Your bite disrupts and absorbs the magic of your enemies.
Potions cannot restore your health.
You are immune to rotting.
You have sharp fingernails.
You possess an exceptional clarity of mind.
Your flesh is cold resistant. (rC+)
Your magical capacity is low. (-10% MP)


Message History

You closely miss the sky beast. Your bite misses the sky beast.
The sky beast is lightly wounded.
The sky beast flickers out of sight!
Deactivating autopickup; reactivate with Ctrl-A.
Something hits you but does no damage.
You barely miss something. Something barely misses you.
You miss something. Your bite misses something.
The crimson imp blinks!
You miss something. Your bite misses something.
Something hits you but does no damage.
You hit something. Something hits you but does no damage.
You miss something. Your punch misses something. Your bite misses something.
Something hits you. Something shocks you.
* * * LOW HITPOINT WARNING * * *
You barely miss something. You bite something. You drain its power.
You feel invigorated.
The crimson imp looks more healthy.
Something hits you.
* * * LOW HITPOINT WARNING * * *
Something shocks you.
* * * LOW HITPOINT WARNING * * *
You hit something but do no damage. You bite something. Something hits you.
You die...

# #.......#### .# #
#.......############.##
#
#...÷...#.............#
#
#.....................#
#.....................#
#................)....#
#.............≈.......#
#.......#....{........#
####..#.#####@######...
.......5....# #
.............#
...$..........
..........## .......
....... .......


You could see a crimson imp.

Vanquished Creatures
  Grinder (D:3)
  An ogre (D:5)
  A phantom (D:5)
  A scorpion (D:3)
  2 howler monkeys
  2 centaur zombies (Ossuary)
  A crimson imp (D:5)
  2 human zombies (Ossuary)
  A hound (D:4)
  4 orc wizards
  5 worker ants
  A hound zombie (D:4)
  3 mummies (Ossuary)
  5 adders
  A shadow imp (D:5)
  3 worms
  2 dart slugs (D:1)
  3 leopard geckos
  18 orcs
  2 ball pythons
  3 bats (D:3)
  A giant cockroach (D:2)
  A gnoll zombie (Ossuary)
  6 goblins
  6 hobgoblins
  13 jackals
  3 quokkas
  9 frilled lizards
  A hobgoblin zombie (Ossuary)
  9 kobolds
  A kobold zombie (Ossuary)
  An orc zombie (Ossuary)
  4 rats (D:1)
117 creatures vanquished.

Notes
Turn   | Place    | Note
-------+----------+-------------------------------------------
     0 | D:1      | Descartes the Vine Stalker Transmuter began the quest for
                  | the Orb.
     0 | D:1      | Reached XP level 1. HP: 9/9 MP: 4/4
    63 | D:1      | Reached skill level 1 in Fighting
   209 | D:1      | Reached XP level 2. HP: 14/14 MP: 6/6
   650 | D:2      | Reached XP level 3. HP: 18/18 MP: 7/7
   898 | D:2      | Reached skill level 1 in Stealth
  1363 | D:2      | Gained mutation: Your natural rate of healing is unusually
                  | fast. [Vine Stalker growth]
  1363 | D:2      | Reached XP level 4. HP: 21/22 MP: 8/8
  1544 | D:3      | Found a shadowy altar of Dithmenos.
  1544 | D:3      | Found a shimmering altar of Xom.
  1545 | D:3      | Found an opulent altar of Gozag.
  1551 | D:3      | Became a worshipper of Dithmenos the Shadowed
  1607 | D:3      | Reached skill level 1 in Short Blades
  1607 | D:3      | Reached skill level 1 in Armour
  1607 | D:3      | Reached XP level 5. HP: 3/25 MP: 6/9
  1719 | D:3      | Noticed Grinder
  1731 | D:3      | HP: 1/26 [Grinder (2)]
  1737 | D:3      | HP: 1/26 [Grinder/nerve-wracking pain (3)]
  1828 | D:3      | Killed Grinder
  1828 | D:3      | Reached skill level 1 in Shields
  1828 | D:3      | Reached skill level 4 in Unarmed Combat
  1828 | D:3      | Reached XP level 6. HP: 27/30 MP: 9/11
  1901 | D:3      | Found a faded altar of an unknown god.
  2359 | D:3      | Reached * piety under Dithmenos
  2581 | D:4      | Found a staircase to the Ecumenical Temple.
  2668 | D:4      | Reached XP level 7. HP: 35/35 MP: 12/12
  2687 | D:4      | Found a sand-covered staircase.
  2697 | Ossuary  | Entered an ossuary
  2970 | D:4      | Found an ancient bone altar of Kikubaaqudgha.
  3190 | D:4      | Found a blossoming altar of Fedhas.
  3562 | Temple   | Entered the Ecumenical Temple
  3682 | D:4      | Gained mutation: Your flesh is cold resistant. (rC+)
                  | [potion of mutation]
  3682 | D:4      | Gained mutation: Your magical capacity is low. (-10% MP)
                  | [potion of mutation]
  3682 | D:4      | Gained mutation: You have sharp fingernails. [potion of
                  | mutation]
  3682 | D:4      | Gained mutation: You possess an exceptional clarity of
                  | mind. [potion of mutation]
  3686 | D:4      | Learned a level 2 spell: Sticks to Snakes
  3737 | D:5      | Entered Level 5 of the Dungeon
  3874 | D:5      | Reached ** piety under Dithmenos
  3874 | D:5      | Reached skill level 5 in Unarmed Combat
  3874 | D:5      | Gained mutation: You have razor-sharp teeth. [Vine Stalker
                  | growth]
  3874 | D:5      | Reached XP level 8. HP: 27/39 MP: 12/12
  3945 | D:5      | Reached skill level 1 in Invocations
  4050 | D:5      | HP: 1/39 [something (4)]
  4051 | D:5      | Slain by a sky beast

Skill      XL: |  1  2  3  4  5  6  7  8 |
---------------+-------------------------+-----
Fighting       | 1 2 |  2.7
Stealth        | 1 2 3 |  3.6
Short Blades   | 1 2 |  2.2
Armour         | 1 2 |  2.2
Dodging        | 2 |  2.8
Shields        | 1 2 |  2.0
Unarmed Combat | 4 5 |  5.2
Spellcasting   | 3 |  3.5
Transmutations | 3 |  3.5
Invocations    | 1 |  1.0
Long Blades    | |  0.7
Evocations     | |  0.7

Action                   |  1- 3 |  4- 6 |  7- 9 || total
-------------------------+-------+-------+-------++-------
Melee: Unarmed           |    11 |       |       ||    11
       Short sword       |   111 |   104 |   271 ||   486
       Bite              |    33 |    27 |    70 ||   130
       Punch             |     2 |     2 |     8 ||    12
  Use: Scroll            |       |       |     8 ||     8
       Potion            |       |       |     1 ||     1
 Stab: Sleeping          |     1 |     4 |     6 ||    11
  Eat: Chunk             |     2 |     4 |     5 ||    11
Armor: Robe              |    12 |    29 |    24 ||    65
       Leather armour    |       |       |    88 ||    88
Dodge: Dodged            |    61 |    72 |   247 ||   380
